 Dungeon Crawl Stone Soup version 0.24-a0-525-g9231cdcba1 (webtiles) character file.

Game seed: 17312907939643435377

352 MirrMurr the Covert (level 6, -1/28 HPs)
             Began as a Spriggan Enchanter on Aug 3, 2019.
             Was a Follower of Uskayaw.
             Slain by a flying skull (8 damage)
             ... created by the anger of Yredelemnul
             ... on level 2 of the Dungeon.
             The game lasted 00:11:00 (4238 turns).

MirrMurr the Covert (Spriggan Enchanter)            Turns: 4238, Time: 00:11:00

Health: -1/28      AC:  3    Str:  6    XL:     6   Next: 35%
Magic:  11/11      EV: 18    Int: 17    God:    Uskayaw [*.....]
Gold:   120        SH:  0    Dex: 16    Spells: 5/11 levels left

rFire    . . .     SeeInvis +   a - +1 dagger
rCold    . . .     Gourm    .   (shield restricted)
rNeg     . . .     Faith    .   b - +0 robe
rPois    .         Spirit   .   (helmet restricted)
rElec    .         Reflect  .   t - +0 cloak (curse)
rCorr    .         Harm     .   (gloves unavailable)
MR       +....                  (boots unavailable)
Stlth    ++++......             (no amulet)
HPRegen  0.09/turn              f - ring of wizardry
MPRegen  0.12/turn              (no ring)

@: very quick
A: very small, unfitting armour, see invisible, herbivore, speed 3, slow
metabolism 2
a: Stomp, Renounce Religion


You were on level 2 of the Dungeon.
You worshipped Uskayaw.
Uskayaw was noncommittal.
You were not hungry.

You visited 1 branch of the dungeon, and saw 3 of its levels.

You collected 120 gold pieces.

Inventory:

Hand Weapons
 a - a +1 dagger (weapon)
 l - a +2 vampiric dagger
Missiles
 d - 69 stones (quivered)
Armour
 b - a +0 robe (worn)
 t - a cursed +0 cloak (worn)
Jewellery
 e - an uncursed amulet of faith
 f - a ring of wizardry (left hand)
 m - an uncursed ring of ice {unknown}
 o - a cursed amulet of inaccuracy {unknown}
 v - an uncursed ring of protection from cold
Scrolls
 g - a scroll of remove curse {unknown}
 j - 3 scrolls of identify {unknown}
 q - a scroll of amnesia {unknown}
 r - a scroll of noise {unknown}
 s - 2 scrolls of enchant weapon {unknown}
 w - a scroll of teleportation {unknown}
 x - a scroll of fear {unknown}
Potions
 h - 2 potions of haste
 i - 2 potions of curing {unknown}
 k - a potion of mutation {unknown}
 n - 2 potions of flight {unknown}
 p - a potion of degeneration {unknown}
 u - 3 potions of heal wounds {unknown}
Comestibles
 c - 3 rations


   Skills:
 - Level 5.0 Short Blades
 - Level 3.0 Dodging
 - Level 8.0 Stealth
 + Level 3.0 Spellcasting
 * Level 4.1 Hexes


You had 5 spell levels left.
You knew the following spells:

 Your Spells              Type           Power        Failure   Level  Hunger
a - Ensorcelled Hibernat  Hex/Ice        #.....       4%          2    ##.....
b - Confuse               Hex            ###.....     4%          3    ###....
C - Corona                Hex            ###....      1%          1    None

Your spell library contained the following spells:

 Spells                   Type           Power        Failure   Level  Hunger
 Confusing Touch          Hex            ###...       1%          1    None
 Tukima's Dance           Hex            ###.....     4%          3    ###....
 Dazzling Spray           Conj/Hex       #.....       9%          3    ###....
 Gell's Gravitas          Tloc           #.........   21%         3    ###....
 Petrify                  Tmut/Erth      #.......     52%         4    ####...
 Metabolic Englaciation   Hex/Ice        #.........   61%         5    ######.
 Yara's Violent Unravell  Hex/Tmut       #.........   61%         5    ######.


Dungeon Overview and Level Annotations

Branches:
Dungeon (3/15)

Altars:
Makhleb
Uskayaw
Yredelemnul


Innate Abilities, Weirdness & Mutations

You are very small and have problems with some larger weapons.
You are too small for most types of armour.
You have supernaturally acute eyesight. (SInv)
You are a herbivore.
You cover ground extremely quickly.
You need to consume almost no food.


Message History

There is a stone staircase leading down here.
You closely miss the flying skull.
The flying skull hits you but does no damage.
The flying skull barely misses you. The flying skull completely misses you.
The flying skull misses you.
You miss the flying skull. The flying skull misses you.
The flying skull hits you. The flying skull hits you!
* * * LOW HITPOINT WARNING * * *
The flying skull barely misses you.
You are too injured to fight recklessly!
You are too injured to fight recklessly!
You are too injured to fight recklessly!
You are too injured to fight recklessly!
You closely miss the flying skull. The flying skull misses you.
The flying skull hits you.
* * * LOW HITPOINT WARNING * * *
The flying skull barely misses you.
You barely miss the flying skull. The flying skull misses you. x2
The flying skull hits you!
You die...

#.# #.....#...##.####### #. #####
#.###.........##.##....# #.
....###.............##.##.##.# #.
.##.....<######)#.####.##.##.###.
.#...###.# ##.#.###............
##.#...#.# #.........##.####.##
.........# #...####.###.# #.#
#.#......# #.z.####.###.####.##
#.......## #.z@#........#......
.....#..######[zz#....##......<#.
..##.#..#.......z.###.##.##....#.
..##..............# #.##.##..)...
#.................###.##.##..###.
#.##.#..#.####...#...###.##..###.
#.......#.# #...#.......##......
##.....##.####.#.###########.####
#.#.####.##.......# #.####


You could see 5 flying skulls.

Vanquished Creatures
  Sigmund (D:2)
  Crazy Yiuf (D:2)
  Jessica (D:2)
  Terence (D:2)
  3 adders
  2 dart slugs
  2 leopard geckos (D:2)
  A ball python (D:1)
  10 bats
  4 giant cockroaches
  9 hobgoblins
  9 jackals
  2 quokkas
  3 frilled lizards (D:1)
  2 goblins (D:2)
  A goblin skeleton (D:2)
  A human skeleton (D:2)
  A jackal skeleton (D:2)
  8 kobolds
  A leopard gecko skeleton (D:2)
  6 rats
69 creatures vanquished.

Vanquished Creatures (collateral kills)
  A shadow imp (D:2)
  A worm (D:2)
2 creatures vanquished.

Vanquished Creatures (others)
  A bat zombie (D:2)
1 creature vanquished.

Grand Total: 72 creatures vanquished

Notes
Turn   | Place    | Note
-------+----------+-------------------------------------------
     0 | D:1      | MirrMurr the Spriggan Enchanter began the quest for the
                  | Orb.
     0 | D:1      | Reached XP level 1. HP: 9/9 MP: 5/5
     4 | D:1      | Noticed a spriggan
     6 | D:1      | Noticed a demonspawn
     6 | D:1      | Noticed an ogre
     8 | D:1      | Noticed a naga
     8 | D:1      | Noticed an octopode
    10 | D:1      | Noticed a halfling
    12 | D:1      | Noticed a merfolk
    12 | D:1      | Noticed an elf
    14 | D:1      | Noticed a centaur
    14 | D:1      | Noticed a minotaur
    16 | D:1      | Noticed a troll
    16 | D:1      | Noticed a vampire
    18 | D:1      | Noticed a demigod
    18 | D:1      | Noticed a dwarf
    20 | D:1      | Noticed a human
    20 | D:1      | Noticed a draconian
    22 | D:1      | Noticed a gargoyle
    22 | D:1      | Noticed a ghoul
    24 | D:1      | Noticed a tengu
    24 | D:1      | Noticed a vine stalker
    26 | D:1      | Noticed a felid
    26 | D:1      | Noticed a formicid
   498 | D:1      | Reached skill level 5 in Stealth
   498 | D:1      | Reached XP level 2. HP: 13/13 MP: 6/6
   540 | D:1      | Learned a level 2 spell: Ensorcelled Hibernation
  1343 | D:1      | Reached XP level 3. HP: 16/16 MP: 5/8
  1348 | D:1      | Learned a level 3 spell: Confuse
  1491 | D:2      | Noticed Sigmund
  1911 | D:2      | Noticed Terence
  1917 | D:2      | Killed Terence
  1917 | D:2      | Reached skill level 6 in Stealth
  1992 | D:2      | Found a faded altar of an unknown god.
  1993 | D:2      | Became a worshipper of Yredelemnul the Dark
  1993 | D:2      | Reached * piety under Yredelemnul
  2075 | D:2      | Reached XP level 4. HP: 11/21 MP: 0/9
  2231 | D:2      | Killed Sigmund
  2231 | D:2      | Reached skill level 7 in Stealth
  2231 | D:2      | Reached XP level 5. HP: 24/24 MP: 0/10
  2247 | D:2      | Noticed Jessica
  2253 | D:2      | Killed Jessica
  2253 | D:2      | Reached skill level 8 in Stealth
  2356 | D:2      | Reached XP level 6. HP: 27/28 MP: 1/11
  2890 | D:2      | Found a runed translucent door.
  2891 | D:2      | Noticed Crazy Yiuf
  3185 | D:2      | Found a burning altar of Makhleb.
  3225 | D:2      | Reached skill level 5 in Short Blades
  3576 | D:2      | Killed Crazy Yiuf
  3882 | D:3      | Found a hide-covered altar of Uskayaw.
  3960 | D:3      | Fell from the grace of Yredelemnul
  3960 | D:3      | Became a worshipper of Uskayaw the Reveler
  4072 | D:3      | Reached * piety under Uskayaw
  4232 | D:2      | Noticed a flying skull
  4232 | D:2      | Noticed a flying skull
  4232 | D:2      | Noticed a flying skull
  4232 | D:2      | Noticed a flying skull
  4232 | D:2      | Noticed a flying skull
  4238 | D:2      | Slain by a flying skull

Levels and vault maps discovered:
D:1:      kb_arrival_jail, layout_basic
D:2:      layout_loops_cross, bloody_makhleb,
          chequers_ecumenical_altar_simple_redux, first_ration,
          minmay_pentomino_u2, uniq_crazy_yiuf_cottage, uniq_jessica,
          uniq_sigmund, uniq_terence
D:3:      layout_loops_ring, eat_drink_and_be_merry_uskayaw

Skill      XL: |  1  2  3  4  5  6 |
---------------+-------------------+-----
Stealth        | 5 6 7 8 |  8.0
Short Blades   | 2 3 4 5 |  5.0
Hexes          | 4 |  4.1
Spellcasting   | 3 |  3.0
Dodging        | |  3.0

Action                   |  1- 3 |  4- 6 || total
-------------------------+-------+-------++-------
Melee: Dagger            |   104 |   185 ||   289
 Cast: Corona            |     6 |       ||     6
       Ensorcelled Hiber |    26 |    15 ||    41
       Confuse           |       |     2 ||     2
Invok: Animate Remains   |       |    12 ||    12
 Stab: Sleeping          |    19 |    15 ||    34
       Distracted        |     1 |       ||     1
  Eat: Ration            |       |     4 ||     4
Armor: Robe              |    15 |    23 ||    38
Dodge: Dodged            |    98 |   158 ||   256

Table legend:
 A = Non-vault XP
 B = Vault XP
 C = Vault XP percentage of total XP
 D = Non-vault monster count
 E = Vault monster count
 F = Vault count percentage of total count
                 A         B        C        D         E       F
            +---------+---------+-------+---------+---------+-------
      Total |     158 |     346 |  68.7 |      62 |       5 |   7.5
            +---------+---------+-------+---------+---------+-------
        D:1 |      49 |       0 |   0.0 |      28 |       0 |   0.0
        D:2 |      73 |     346 |  82.6 |      21 |       5 |  19.2
        D:3 |      36 |       0 |   0.0 |      13 |       0 |   0.0
            +---------+---------+-------+---------+---------+-------
